 Dungeon Crawl Stone Soup version 0.30.1 (webtiles) character file.

Game seed: 2026108940294617433

9472 Pepete the Cleaver (level 11, -20/102 HPs)
             Began as a Minotaur Berserker on July 2, 2023.
             Was an Elder of Trog.
             Demolished by Sonja
             ... wielding a +1 dagger of distortion
              (21 damage)
             ... on level 10 of the Dungeon.
             The game lasted 00:14:24 (14404 turns).

Pepete the Cleaver (Minotaur Berserker)            Turns: 14404, Time: 00:14:25

Health: -20/102    AC: 19    Str: 26    XL:     11   Next: 23%
Magic:  3/3        EV: 10    Int:  4    God:    Trog [****..]
Gold:   181        SH:  0    Dex:  8    Spells: 10/10 levels left

rFire   . . .        D - +0 war axe (antimagic)
rCold   + + +        (no shield)
rNeg    . . .        F - +0 plate armour
rPois   .            (helmet restricted)
rElec   .            A - +1 cloak of the Pits of Slime {+Blink SInv}
rCorr   .            (no gloves)
SInv    +            C - +1 pair of boots
Will    +++..        (no amulet) Stlth
                     v - ring of Autotheism {Wiz rC+++ Will+ Dex-2}
HPRegen 1.37/turn    (no ring)
MPRegen 0.08/turn

%: wizardry (x1)
@: lethally poisoned (-20 -> -21), strong-willed, on berserk cooldown,
regenerating, slowed, very slow
A: horns 2, retaliatory headbutt
a: Renounce Religion, Evoke Blink, Berserk, Trog's Hand, Brothers in Arms


You were on level 10 of the Dungeon.
You worshipped Trog.
Trog was greatly pleased with you.
You visited 1 branch of the dungeon, and saw 10 of its levels.

You collected 639 gold pieces.
You spent 458 gold pieces at shops.

Inventory:

Hand Weapons
 a - a +0 hand axe
 D - a +0 antimagic war axe (weapon)
Missiles
 B - a throwing net (quivered)
Armour
 A - the +1 cloak of the Pits of Slime (worn) {+Blink SInv}
   (You bought it in a shop on level 8 of the Dungeon)

   SInv:      It lets you see invisible.
   +Blink:    It lets you blink.
 C - a +1 pair of boots (worn)
 F - a +0 plate armour (worn)
Jewellery
 g - a ring of flight
 h - a ring of fire
 q - a +6 ring of intelligence
 v - the ring of Autotheism (left hand) {Wiz rC+++ Will+ Dex-2}
   (You found it on level 6 of the Dungeon)

   [ring of wizardry]

   It improves your spell success rate.
   Dex:       It affects your dexterity (-2).
   rC:        It renders you almost immune to cold.
   Will:      It increases your willpower.
Wands
 n - a wand of paralysis (4)
 p - a wand of flame (9)
 r - a wand of mindburst (10)
 u - a wand of polymorph (16)
 y - a wand of digging (4)
Scrolls
 f - 3 scrolls of amnesia
 i - a scroll of enchant weapon
 l - a scroll of magic mapping
 o - 6 scrolls of identify
 s - 2 scrolls of poison
 x - 2 scrolls of teleportation
 E - 3 scrolls of noise {unknown}
 G - a scroll of vulnerability {unknown}
Potions
 b - 4 potions of lignification
 c - 6 potions of heal wounds
 d - 2 potions of attraction
 e - 2 potions of mutation
 j - a potion of experience {unknown}
 k - 5 potions of curing
 m - 2 potions of haste
 t - 2 potions of berserk rage {unknown}
 w - a potion of invisibility {unknown}
 z - a potion of flight {unknown}


   Skills:
 * Level 11.2 Fighting
 * Level 11.2 Axes
 * Level 10.9 Armour
 * Level 9.9 Dodging


You had 10 spell levels left.
You didn't know any spells.
Your spell library was empty.

Dungeon Overview and Level Annotations

Branches:
Dungeon (10/15)            Temple (0/1) D:4            Lair (0/5) D:9
    Orc: D:9-12

Altars:
Elyvilon
Fedhas
Makhleb
Nemelex Xobeh
Okawaru
Qazlal
Ru
Uskayaw
Wu Jian
Xom
Yredelemnul
The Shining One

Shops:
D:8 [   D:9 :

Annotations:
D:3 1 runed translucent door
D:10 Sonja


Innate Abilities, Weirdness & Mutations

You have a pair of horns on your head.
You reflexively headbutt those who attack you in melee.


Message History

You are poisoned.
You have difficulty breathing.
You feel yourself slow down.
You feel a strong urge to attack something.
You feel very sick. Sonja misses you. Sonja closely misses you.
Sonja hits you but does no damage. Space warps horribly around you!!
You miss Sonja.
You feel sick.
Sonja zaps a wand.
The puff of flame misses you.
You slash Sonja!
Sonja's magic leaks into the air.
Sonja is moderately wounded.
You feel sick.
Sonja hits you with a +1 dagger of distortion.
Space warps around you. Sonja hits you but does no damage.
You blink.
Found a hand axe.
You feel sick.
Sonja zaps a wand.
The puff of flame hits you but does no damage.
Sonja zaps a wand.
The puff of flame hits you but does no damage.
You feel a strong urge to attack something.
You feel sick.
You feel sick. Sonja hits you but does no damage. Space warps around you.
Sonja hits you but does no damage. Space warps horribly around you!
Sonja hits you but does no damage. Space warps around you.
You miss Sonja. Your headbutt misses Sonja.
Sonja is moderately wounded.
You are no longer berserk.
You are exhausted.
You feel as though you will be slow longer.
You feel sick. Sonja hits you but does no damage.
Space warps horribly around you!! Sonja misses you.
Sonja hits you but does no damage. Space warps horribly around you!
You slash Sonja!
Sonja's magic leaks into the air.
Sonja is severely wounded.
You feel sick. Sonja hits you but does no damage. Sonja closely misses you.
Sonja hits you with a +1 dagger of distortion.
Space warps horribly around you!!
* * * LOW HITPOINT WARNING * * *
Sonja hits you but does no damage. Space warps horribly around you!
* * * LOW HITPOINT WARNING * * *
Sonja hits you but does no damage. x2; Space warps horribly around you!!
You die...

#################
.....>..........#
#######.#######.# #.#
#.# # #.# #.# .####
#.#######.#
.....#####........)#
##........#######.#
.##......@K.# #.#
....⌠.......# #.#
~...........# #.#
~...........# #.#
~~~~........# #.#
≈≈≈~........# #.#
~~~~........# #.#
~~........).#######.#
.....######.........#


You could see Sonja (magic disrupted).

Vanquished Creatures
  4 two-headed ogres
  A deep elf pyromancer (D:9)
  Joseph (D:8)
  2 trolls
  14 yaks
  A wyvern (D:8)
  A steam dragon (D:7)
  A wraith (D:10)
  An acid dragon (D:9)
  A water moccasin (D:8)
  A black bear (D:5)
  2 ice beasts (D:7)
  2 orc warriors (D:9)
  A sky beast (D:7)
  3 wolves (D:9)
  3 ogres
  A centaur (D:10)
  A phantom (D:5)
  2 kobold brigands
  A bullfrog (D:6)
  3 scorpions (D:5)
  6 wights (D:7)
  11 killer bees
  An electric eel (D:9)
  3 jellies
  A gnoll bouda (D:8)
  2 orc priests
  6 hounds
  Jessica (D:3)
  10 orc wizards
  8 gnolls
  6 adders
  4 white imps
  2 ufetubi
  A worm (D:3)
  4 dart slugs
  36 orcs
  7 ball pythons (D:1)
  7 bats
  5 endoplasms
  5 giant cockroaches
  11 goblins
  6 hobgoblins
  9 jackals
  18 kobolds
  4 quokkas
  4 frilled lizards
  A kobold skeleton (D:3)
  10 rats
236 creatures vanquished.

Notes
Turn   | Place    | Note
-------+----------+-------------------------------------------
     0 | D:1      | Pepete the Minotaur Berserker began the quest for the Orb.
     0 | D:1      | Reached XP level 1. HP: 19/19 MP: 0/0
   377 | D:1      | Reached XP level 2. HP: 20/27 MP: 1/1
   667 | D:1      | Reached XP level 3. HP: 33/33 MP: 2/2
   682 | D:1      | Reached ** piety under Trog
  1928 | D:2      | Reached XP level 4. HP: 36/41 MP: 3/3
  2231 | D:2      | Found a glowing golden altar of the Shining One.
  2926 | D:3      | Noticed a human
  2927 | D:3      | Found a runed translucent door.
  2934 | D:3      | Found a basalt altar of Yredelemnul.
  3246 | D:3      | Noticed Jessica
  3252 | D:3      | Reached XP level 5. HP: 47/47 MP: 4/4
  3252 | D:3      | Reached *** piety under Trog
  3265 | D:3      | Killed Jessica
  3397 | D:3      | Found an ornate altar of the Wu Jian Council.
  3782 | D:4      | Found a staircase to the Ecumenical Temple.
  3846 | D:4      | Found an iron altar of Okawaru.
  3953 | D:4      | Noticed an ogre
  3959 | D:4      | Killed an ogre
  3960 | D:4      | Reached skill level 5 in Fighting
  3960 | D:4      | Reached skill level 5 in Axes
  3960 | D:4      | Reached XP level 6. HP: 56/56 MP: 5/5
  4085 | D:5      | Entered Level 5 of the Dungeon
  4319 | D:5      | Found a blossoming altar of Fedhas.
  4497 | D:5      | Found a white marble altar of Elyvilon.
  4509 | D:5      | Reached skill level 5 in Armour
  4690 | D:5      | Reached XP level 7. HP: 60/62 MP: 6/6
  4868 | D:5      | Found a stormy altar of Qazlal.
  5673 | D:5      | Found a burning altar of Makhleb.
  6067 | D:6      | Reached skill level 5 in Dodging
  6087 | D:6      | Found a sparkling altar of Nemelex Xobeh.
  6093 | D:6      | Identified the ring of Autotheism {Wiz rC+++ Will+ Dex-2}
  6205 | D:6      | Found a sacrificial altar of Ru.
  6221 | D:6      | Reached **** piety under Trog
  6362 | D:6      | Reached XP level 8. HP: 71/71 MP: 7/7
  6471 | D:6      | You fall into a shaft and drop 3 floors!
  6774 | D:9      | Found a hide-covered altar of Uskayaw.
  7095 | D:9      | Identified the +0 robe of Parlour Games {rElec rPois Str-5}
  7095 | D:9      | Noticed a two-headed ogre
  7218 | D:8      | Reached XP level 9. HP: 33/81 MP: 8/8
  7672 | D:7      | Found a glowing golden altar of the Shining One.
  9527 | D:8      | Found Robag's Antique Armour Shoppe.
  9527 | D:8      | Noticed a two-headed ogre
  9533 | D:8      | Killed a two-headed ogre
  9578 | D:8      | Bought a heavily runed cloak for 256 gold pieces
  9578 | D:8      | Identified the +1 cloak of the Pits of Slime {+Blink SInv}
                  | (You bought it in a shop on level 8 of the Dungeon)
  9646 | D:8      | Noticed Joseph
  9652 | D:8      | Killed Joseph
  9795 | D:8      | Noticed a two-headed ogre
  9804 | D:8      | Killed a two-headed ogre
  9805 | D:8      | Reached XP level 10. HP: 91/91 MP: 9/9
 11143 | D:8      | Bought a pair of runed boots for 202 gold pieces
 11175 | D:9      | Reached skill level 10 in Axes
 11177 | D:9      | Reached skill level 10 in Fighting
 11731 | D:9      | Found Wokuy's Book Shoppe.
 11865 | D:9      | Killed a two-headed ogre
 11866 | D:9      | Reached skill level 10 in Armour
 12408 | D:9      | Found a staircase to the Lair.
 12727 | D:9      | Noticed a deep elf pyromancer
 12738 | D:9      | Killed a deep elf pyromancer
 13039 | D:9      | Reached XP level 11. HP: 64/101 MP: 3/10
 13529 | D:9      | Found a shimmering altar of Xom.
 13687 | D:10     | Entered Level 10 of the Dungeon
 13687 | D:10     | Noticed a two-headed ogre
 13692 | D:10     | Killed a two-headed ogre
 13701 | D:10     | Found the +8 demon blade "Leech" {evervamp, Harm Drain rN+}
 14387 | D:10     | Noticed Sonja
 14404 | D:10     | HP: 1/102 [Sonja/+1 dagger of distortion (12)]
 14404 | D:10     | Demolished by Sonja

Illustrated notes

Levels and vault maps discovered:
D:1:      dpeg_cavernosity, layout_basic, serial_bayou_lagoon_a,
          minmay_box_of_dots
D:2:      layout_basic, basic_altar, minmay_goblin_outpost
D:3:      layout_loops_ring, dk_yredelemnul_ordeal, lemuel_round_altar,
          uniq_jessica
D:4:      layout_cave_pools, okawaru_gym_becter,
          minmay_temple_entry_drinking_statues
D:5:      layout_basic, mainiacjoe_overflow_24_doors,
          mainiacjoe_overflow_alcove_4, lemuel_doored_altar,
          mainiacjoe_overflow_concentric_impassable
D:6:      layout_cave_pools, nicolae_ru_great_annihilating_truth,
          nemelex_xobeh_ov_fountains_minmay
D:7:      layout_gridville, tso_metal_star
D:8:      layout_loops_corners, serial_shops, shop, uniq_joseph
D:9:      layout_basic, mainiacjoe_overflow_tiny_flanked, lemuel_tele_altar,
          erik_lair_island, serial_aquarium, aquarium_bridge_square
          [aquarium_subvault_window, aquarium_subvault_wall,
          aquarium_subvault_window, aquarium_subvault_bridge],
          aquarium_bridge_long_joined [aquarium_subvault_wall,
          aquarium_subvault_wall, aquarium_subvault_bridge,
          aquarium_subvault_wall, aquarium_subvault_window,
          aquarium_subvault_bridge], aquarium_window_3, aquarium_window_2,
          aquarium_window_corner, aquarium_window_2, aquarium_view_2b,
          aquarium_balcony_3b, aquarium_pool_S, serial_shops,
          nicolae_shop_stone, minmay_holes
D:10:     layout_small_grid, cheibrodos_worm_habitat, kiku_gazebo_pond_becter,
          dreamdust_deal_with_the_devil, dreamdust_wishing_well, uniq_sonja

Skill      XL: |  1  2  3  4  5  6  7  8  9 10 11 |
---------------+----------------------------------+-----
Fighting       | 4 5 6 7 9 10 11 | 11.2
Axes           | 4 5 6 7 9 10 11 | 11.2
Armour         | 3 4 5 6 7 9 10 | 10.9
Dodging        | 3 4 5 6 8 9 |  9.9

Action                     |  1- 3 |  4- 6 |  7- 9 | 10-12 || total
---------------------------+-------+-------+-------+-------++-------
  Melee: Hand axe          |    96 |   128 |   213 |   107 ||   544
         Headbutt          |    12 |    26 |    35 |    38 ||   111
         Punch             |     1 |     3 |     6 |     2 ||    12
         War axe           |       |       |       |   123 ||   123
 Invoke: Berserk           |     1 |     1 |    10 |     6 ||    18
         Trog's Hand       |       |       |     1 |     4 ||     5
  Evoke: Wand              |       |       |       |     1 ||     1
    Use: Scroll            |     2 |     3 |     9 |       ||    14
         Potion            |     4 |       |     2 |       ||     6
   Stab: Sleeping          |     1 |       |       |       ||     1
 Armour: Animal skin       |    10 |       |       |       ||    10
         Leather armour    |    12 |     3 |       |       ||    15
         Ring mail         |       |    20 |       |       ||    20
         Scale mail        |       |    26 |    20 |       ||    46
         Chain mail        |       |       |    60 |   108 ||   168
         Plate armour      |       |       |       |    41 ||    41
  Dodge: Dodged            |    73 |    82 |    96 |   137 ||   388
